[ AOE2 MATCH · #484320459 ]
UnrankedCelts vs Sicilians
Player's team · WIN
Rival team · LOSS
[ REPLAY ANALYSIS · EXTRACTED FROM THE RECORDED GAME ]
Feudal
13:27
Castle
29:12
Imperial
—
| APM avg | 12.0 |
| APM peak | 26 |
| eAPM avg | 9.0 |
| Villagers / military | 48 / 23 |
Focus
⚔️ 33.9% · 🌾 66.1%
Spearman ×12 · Woad Raider ×6 · Battering Ram ×5
Feudal
11:45
Castle
—
Imperial
—
| APM avg | 24.9 |
| APM peak | 74 |
| eAPM avg | 14.1 |
| Villagers / military | 27 / 12 |
Focus
⚔️ 51.7% · 🌾 48.3%
Scout Cavalry ×8 · Serjeant ×4
Match map
Initial resources + every placement click. Lines = walls · curves = elevation contours. ◆ gold · ⬟ stone · ● berries · ✦ relic · ◌ wall gap
Your base· Open — unwalled flank
Revel's base· Open — unwalled flank
Smoothed initial terrain · ◌ = detected wall gap · hover for details
Inputs per minute
— ErBert95 - - Revel
Build order — ErBert95
131 actions detected in the replay
| 0:08 | Create | Villager (Male) |
| 0:08 | Create | Villager (Male) |
| 0:09 | Create | Villager (Male) |
| 0:09 | Create | Villager (Male) |
| 0:09 | Create | Villager (Male) |
| 0:13 | Build | House |
| 0:17 | Build | House |
| 2:03 | Build | Lumber Camp |
| 2:10 | Create | Villager (Male) |
| 2:41 | Create | Villager (Male) |
| 2:41 | Create | Villager (Male) |
| 2:41 | Create | Villager (Male) |
| 3:12 | Create | Villager (Male) |
| 3:53 | Create | Villager (Male) |
| 4:19 | Create | Villager (Male) |
| 4:21 | Create | Villager (Male) |
| 4:52 | Build | Mining Camp |
| 5:01 | Build | House |
| 5:19 | Create | Villager (Male) |
| 5:19 | Create | Villager (Male) |
| 5:25 | Build | Mining Camp |
| 6:05 | Create | Villager (Male) |
| 6:06 | Create | Villager (Male) |
| 6:06 | Create | Villager (Male) |
| 6:13 | Research | Loom |
| 6:15 | Create | Villager (Male) |
| 7:36 | Create | Villager (Male) |
| 7:36 | Create | Villager (Male) |
| 7:36 | Create | Villager (Male) |
| 7:36 | Create | Villager (Male) |
| 8:49 | Build | Mill |
| 9:55 | Build | House |
| 10:15 | Create | Villager (Male) |
| 10:16 | Create | Villager (Male) |
| 10:16 | Create | Villager (Male) |
| 10:17 | Create | Villager (Male) |
| 11:14 | Research | Feudal Age |
| 13:27 | Age | Feudal Age |
| 13:40 | Build | Watch Tower |
| 14:11 | Create | Villager (Male) |
| 14:11 | Create | Villager (Male) |
| 14:11 | Create | Villager (Male) |
| 14:12 | Create | Villager (Male) |
| 14:12 | Create | Villager (Male) |
| 14:12 | Create | Villager (Male) |
| 14:55 | Research | Double-Bit Axe |
| 15:02 | Create | Villager (Male) |
| 15:03 | Create | Villager (Male) |
| 16:23 | Build | House |
| 16:49 | Build | Farm |
| 16:49 | Build | Farm |
| 16:50 | Build | Farm |
| 16:50 | Build | Farm |
| 16:50 | Build | Farm |
| 16:50 | Build | Farm |
| 16:51 | Build | Farm |
| 16:51 | Build | Farm |
| 16:51 | Build | Farm |
| 16:51 | Build | Farm |
| 16:52 | Build | Farm |
| 16:52 | Build | Farm |
| 16:52 | Build | Farm |
| 17:16 | Build | Farm |
| 17:18 | Build | Farm |
| 17:19 | Build | Farm |
| 17:30 | Build | House |
| 17:58 | Build | Blacksmith |
| 18:36 | Create | Villager (Male) |
| 18:36 | Create | Villager (Male) |
| 18:36 | Create | Villager (Male) |
| 18:47 | Build | Farm |
| 18:52 | Build | Farm |
| 18:56 | Build | Farm |
| 18:57 | Build | Farm |
| 19:29 | Research | Fletching |
| 19:47 | Build | House |
| 19:48 | Build | House |
| 20:28 | Build | Barracks |
| 20:34 | Research | Wheelbarrow |
| 20:56 | Build | Farm |
| 21:24 | Research | Stone Mining |
| 21:45 | Build | Farm |
| 22:33 | Create | Spearman |
| 22:33 | Create | Spearman |
| 24:30 | Create | Spearman |
| 24:30 | Create | Spearman |
| 24:30 | Create | Spearman |
| 24:30 | Create | Spearman |
| 25:40 | Build | Market |
| 25:54 | Build | Farm |
| 26:05 | Research | Town Watch |
| 26:10 | Research | Scale Mail Armor |
| 26:32 | Research | Castle Age |
| 26:38 | Build | Farm |
| 27:31 | Build | Farm |
| 28:04 | Create | Spearman |
| 28:05 | Create | Spearman |
| 28:05 | Create | Spearman |
| 28:05 | Create | Spearman |
| 28:05 | Create | Spearman |
| 28:06 | Create | Spearman |
| 28:55 | Build | Farm |
| 29:02 | Build | Farm |
| 29:12 | Age | Castle Age |
| 29:22 | Build | Castle |
| 30:56 | Create | Villager (Male) |
| 30:56 | Create | Villager (Male) |
| 30:56 | Create | Villager (Male) |
| 30:57 | Create | Villager (Male) |
| 30:57 | Create | Villager (Male) |
| 30:57 | Create | Villager (Male) |
| 30:57 | Create | Villager (Male) |
| 30:57 | Create | Villager (Male) |
| 31:10 | Build | Siege Workshop |
| 31:14 | Build | Siege Workshop |
| 31:38 | Build | Farm |
| 31:43 | Research | Bodkin Arrow |
| 31:54 | Create | Battering Ram |
| 32:03 | Create | Battering Ram |
| 32:03 | Create | Battering Ram |
| 35:04 | Create | Woad Raider |
| 35:04 | Create | Woad Raider |
| 35:05 | Create | Woad Raider |
| 35:05 | Create | Woad Raider |
| 35:20 | Build | Lumber Camp |
| 36:05 | Create | Battering Ram |
| 36:16 | Create | Battering Ram |
| 37:00 | Create | Woad Raider |
| 37:00 | Create | Woad Raider |
| 37:51 | Create | Villager (Male) |
| 37:51 | Create | Villager (Male) |
Build order — Revel
71 actions detected in the replay
| 0:09 | Build | House |
| 0:10 | Build | House |
| 0:16 | Create | Villager (Male) |
| 0:17 | Create | Villager (Male) |
| 0:17 | Create | Villager (Male) |
| 0:17 | Create | Villager (Male) |
| 0:17 | Create | Villager (Male) |
| 1:47 | Create | Villager (Male) |
| 2:20 | Build | Lumber Camp |
| 2:24 | Create | Villager (Male) |
| 2:51 | Create | Villager (Male) |
| 3:19 | Build | House |
| 3:23 | Create | Villager (Male) |
| 3:57 | Create | Villager (Male) |
| 4:32 | Build | Mill |
| 4:35 | Create | Villager (Male) |
| 5:08 | Create | Villager (Male) |
| 5:09 | Create | Villager (Male) |
| 6:10 | Create | Villager (Male) |
| 6:11 | Create | Villager (Male) |
| 6:51 | Create | Villager (Male) |
| 7:02 | Create | Villager (Male) |
| 8:30 | Build | House |
| 8:40 | Research | Loom |
| 8:45 | Create | Villager (Male) |
| 9:08 | Build | Mining Camp |
| 9:35 | Research | Feudal Age |
| 11:45 | Age | Feudal Age |
| 12:23 | Build | Town Center |
| 12:55 | Build | Donjon |
| 13:08 | Create | Villager (Male) |
| 13:08 | Create | Villager (Male) |
| 13:08 | Create | Villager (Male) |
| 14:25 | Create | Villager (Male) |
| 14:25 | Create | Villager (Male) |
| 14:45 | Create | Serjeant |
| 14:46 | Create | Serjeant |
| 14:46 | Create | Serjeant |
| 14:52 | Build | House |
| 17:08 | Build | Stable |
| 17:41 | Research | Horse Collar |
| 18:16 | Build | Donjon |
| 18:30 | Create | Scout Cavalry |
| 19:42 | Build | Donjon |
| 19:48 | Research | Bloodlines |
| 20:17 | Build | Mill |
| 20:40 | Create | Scout Cavalry |
| 20:47 | Build | House |
| 21:18 | Create | Scout Cavalry |
| 23:09 | Create | Scout Cavalry |
| 23:21 | Build | Donjon |
| 25:03 | Create | Scout Cavalry |
| 25:03 | Create | Scout Cavalry |
| 25:03 | Create | Scout Cavalry |
| 25:26 | Build | Donjon |
| 26:38 | Create | Villager (Male) |
| 26:38 | Create | Villager (Male) |
| 27:33 | Build | Donjon |
| 29:03 | Build | Farm |
| 29:15 | Build | Farm |
| 29:16 | Build | Farm |
| 29:16 | Build | Farm |
| 29:16 | Build | Farm |
| 29:17 | Build | Farm |
| 29:18 | Build | Farm |
| 30:41 | Create | Scout Cavalry |
| 34:06 | Build | Mining Camp |
| 34:27 | Create | Serjeant |
| 35:33 | Build | Donjon |
| 36:13 | Create | Villager (Male) |
| 36:13 | Create | Villager (Male) |
Match timeline
| 11:45 | Revel · age_up feudal |
| 12:55 | Revel · first_building Donjon |
| 13:27 | ErBert95 · age_up feudal |
| 17:08 | Revel · first_building Stable |
| 20:28 | ErBert95 · first_building Barracks |
| 29:12 | ErBert95 · age_up castle |
| 29:22 | ErBert95 · first_building Castle |
| 31:10 | ErBert95 · first_building Siege Workshop |
| 32:00 | ErBert95 · first_market_buy 100 wood |
| 38:03 | Revel · resign |
[ AI ANALYSIS · 1 CREDIT ]
What really happened in this match?
Wolo.gg analyzes every decision: build order, eco, micro, common mistakes by bracket. Personalized analysis on WhatsApp or Discord in 30 seconds.
Civ guide
Celts
Perfil
Jugador #20891981